 Dungeon Crawl Stone Soup version 0.28-a0-172-g787e458d71 (webtiles) character file.

Game seed: 8316340030126115576

826 mg7810 the Chopper (level 7, -2/62 HPs)
             Began as a Deep Dwarf Fighter on Aug 16, 2021.
             Was a Priest of Elyvilon.
             Slain by Duvessa (5 damage)
             ... on level 5 of the Dungeon.
             The game lasted 00:14:50 (3046 turns).

mg7810 the Chopper (Deep Dwarf Fighter)             Turns: 3046, Time: 00:14:51

Health: -2/62      AC: 13    Str: 21    XL:     7   Next: 64%
Magic:  6/6        EV:  8    Int:  9    God:    Elyvilon [***...]
Gold:   230        SH:  9    Dex: 12    Spells: 6/6 levels left

rFire   . . .      SeeInvis .   x - +0 hand axe (elec)
rCold   . . .      Faith    .   c - +0 kite shield
rNeg    . . .      Spirit   .   A - +0 plate armour
rPois   .          Reflect  .   q - +0 helmet
rElec   .          Harm     .   (no cloak)
rCorr   .          Rampage  .   (no gloves)
Will    +....                   (no boots)
Stlth   ..........              f - amulet of the acrobat
HPRegen 0.00/turn               i - +4 ring of evasion
MPRegen 0.10/turn               (no ring)

@: mighty, lethally poisoned (-2 -> -12)
A: damage resistance, heal wounds, sense surroundings 1, no regeneration,
deterioration 1, low mp 1, MP-powered wands
a: Heal Wounds, Renounce Religion, Lesser Healing, Heal Other, Purification,
Divine Protection


You were on level 5 of the Dungeon.
You worshipped Elyvilon.
Elyvilon was most pleased with you.
You visited 1 branch of the dungeon, and saw 5 of its levels.

You collected 230 gold pieces.

Inventory:

Hand Weapons
 j - a +2 war axe of freezing
 k - a +0 short sword of electrocution
 w - a +1 long sword of distortion
 x - a +0 hand axe of electrocution (weapon)
Missiles
 g - 25 poisoned darts (quivered)
Armour
 c - a +0 kite shield (worn)
 q - a +0 helmet (worn)
 A - a +0 plate armour (worn)
Jewellery
 f - an amulet of the acrobat (around neck)
 i - a +4 ring of evasion (left hand)
Wands
 t - a wand of polymorph (8)
Scrolls
 a - a scroll of fog {unknown}
 h - 2 scrolls of enchant weapon {unknown}
 m - 3 scrolls of teleportation {unknown}
 n - a scroll of fear {unknown}
 p - 2 scrolls of summoning {unknown}
 s - 2 scrolls of enchant armour {unknown}
 v - a scroll of noise {unknown}
Potions
 l - 2 potions of haste
 o - 2 potions of lignification
 z - a potion of magic


   Skills:
 + Level 3.4 Fighting
 + Level 1.1 Short Blades
 + Level 5.6 Axes
 + Level 1.4 Throwing
 + Level 5.1 Armour
 + Level 1.2 Dodging
 + Level 4.7 Shields
 + Level 1.3 Invocations
 * Level 4.1 Evocations


You had 6 spell levels left.
You didn't know any spells.
Your spell library was empty.

Dungeon Overview and Level Annotations

Branches:
Dungeon (5/15)
 Temple: D:4-7

Altars:
Dithmenos
Elyvilon
Hepliaklqana
Zin

Shops:
D:4 (::

Annotations:
D:5 Dowan, Duvessa


Innate Abilities, Weirdness & Mutations

You are resistant to damage.
You can heal yourself by infusing magical energy.
You passively map a small area around you.
You do not regenerate.
Your body sometimes deteriorates upon taking damage.
Your magical capacity is low. (-10% MP)
You expend magic power (3 MP) to strengthen your wands.


Message History

The jelly jiggles.
The scorpion barely misses you.
You feel much better. You block the scorpion's attack.
You hit the scorpion.
The scorpion is severely wounded.
The scorpion barely misses you.
You hit the scorpion. Lightning courses through the scorpion!
You kill the scorpion!
Dowan smirks and points a slender finger.
Duvessa hits you but does no damage.
You are more poisoned.
Your Evocations skill increases to level 4!
You completely miss Duvessa.
Duvessa hits you with a +2 short sword of venom.
You are more poisoned.
You barely miss Duvessa.
Duvessa hits you with a +2 short sword of venom.
* * * LOW HITPOINT WARNING * * *
You are more poisoned.
You hit Duvessa.
Duvessa is lightly wounded.
You feel very sick. Duvessa hits you but does no damage.
You are more poisoned.
You hit Duvessa. Lightning courses through Duvessa!
Duvessa is heavily wounded.
You feel very sick. Duvessa hits you but does no damage.
You are more poisoned.
Your plate armour prevents you from hitting Duvessa.
Duvessa is heavily wounded.
* * * LOW HITPOINT WARNING * * *
You feel very sick. Duvessa hits you but does no damage.
You are lethally poisoned!
Dowan casts a spell at Duvessa.
Duvessa seems to speed up.
Duvessa says, "Where magic fails, the sword succeeds!"
Duvessa hits you with a +2 short sword of venom!
You die...

* , ##...##. .........# *
#>.♣..'. *,.(.......# #
##)..##. ..(Je....#(# ######.
.........#. ##.'# .........(
#...# ,.........# ###.♣.#
,.......(.#############.#...#
,.......)Jee@...........##>##
*
.......†.####..###..##.#####
##.#.###.####..###..##.##..#
,.. #.##............##...
##,, #.##.#..#.#..#####.## *
#.##.#.......#####.# *
*,,,*#.......#.##.......## ,
, , ####.####.#####.....#
......,,,,..# #..#####.....#


You could see Duvessa (fast), Dowan and a jelly.

Vanquished Creatures
  A water moccasin (D:5)
  A hornet zombie (D:5)
  2 ogres
  2 scorpions (D:5)
  A centaur zombie (D:5)
  A jelly (D:4)
  A hound (D:5)
  2 orc wizards
  A killer bee zombie (D:5)
  A howler monkey zombie (D:5)
  Robin (D:3)
  5 adders
  2 adder skeletons
  A worm (D:2)
  2 dart slugs
  11 orcs
  4 ball pythons
  8 endoplasms
  3 giant cockroaches (D:1)
  20 goblins
  8 hobgoblins
  3 bats
  15 frilled lizards
  10 kobolds
  4 rats
110 creatures vanquished.

Vanquished Creatures (others)
  A ball python (D:3)
  4 plants (D:2)
5 creatures vanquished.

Grand Total: 115 creatures vanquished

Notes
Turn   | Place    | Note
-------+----------+-------------------------------------------
     0 | D:1      | mg7810 the Deep Dwarf Fighter began the quest for the Orb.
     0 | D:1      | Reached XP level 1. HP: 20/20 MP: 1/1
    68 | D:1      | Reached XP level 2. HP: 20/27 MP: 2/2
   212 | D:1      | Found a faded altar of an unknown god.
   257 | D:1      | Became a worshipper of Elyvilon the Healer
   257 | D:1      | Reached * piety under Elyvilon
   554 | D:1      | Reached XP level 3. HP: 29/33 MP: 3/3
   865 | D:2      | Reached ** piety under Elyvilon
  1140 | D:2      | Reached XP level 4. HP: 21/40 MP: 4/4
  1668 | D:3      | Reached skill level 1 in Throwing
  1668 | D:3      | Reached skill level 1 in Invocations
  1863 | D:3      | Noticed Robin
  1869 | D:3      | Reached XP level 5. HP: 20/48 MP: 3/5
  1876 | D:3      | Killed Robin
  2106 | D:3      | Found a glowing silver altar of Zin.
  2201 | D:3      | Found a hazy altar of Hepliaklqana.
  2201 | D:3      | Found a shadowy altar of Dithmenos.
  2203 | D:3      | Noticed a shadow
  2284 | D:4      | Reached skill level 1 in Short Blades
  2351 | D:4      | Reached skill level 1 in Evocations
  2353 | D:4      | Found Xet Xu Joats's Weapon Emporium.
  2424 | D:4      | Reached *** piety under Elyvilon
  2473 | D:4      | Noticed an ogre
  2482 | D:4      | Killed an ogre
  2483 | D:4      | Reached XP level 6. HP: 36/56 MP: 6/6
  2593 | D:4      | Found Dobbutz's Book Boutique.
  2596 | D:4      | Found Kegyhyirch's Book Boutique.
  2718 | D:5      | Entered Level 5 of the Dungeon
  2895 | D:5      | Reached skill level 5 in Axes
  2895 | D:5      | Reached XP level 7. HP: 9/62 MP: 5/7
  2899 | D:5      | Reached skill level 1 in Dodging
  2993 | D:5      | Gained mutation: You expend magic power (3 MP) to
                  | strengthen your wands. [potion of mutation]
  2993 | D:5      | Gained mutation: Your magical capacity is low. (-10% MP)
                  | [potion of mutation]
  2993 | D:5      | Gained mutation: Your body sometimes deteriorates upon
                  | taking damage. [potion of mutation]
  3015 | D:5      | HP: 3/62 [ogre (18)]
  3020 | D:5      | Reached skill level 5 in Armour
  3023 | D:5      | Noticed Duvessa
  3036 | D:5      | Noticed Dowan
  3046 | D:5      | HP: 3/62 [poisoned by Duvessa]
  3046 | D:5      | Slain by Duvessa

Illustrated notes

Levels and vault maps discovered:
D:1:      roderic_crossed_star, layout_basic,
          shapermc_ecumenical_altar_acropolis
D:2:      layout_loops_ring, minmay_lizard_king
D:3:      layout_loops_ring, riverfiend_overflow_shadow_ancestor,
          mainiacjoe_overflow_boulevard, st_stairs_14, uniq_robin
D:4:      layout_cave_pools, serial_shops, shop_fountains,
          nicolae_shop_statue_plus, shop
D:5:      layout_loops_cross, nicolae_sif_muna_condensation, grunt_ministairs_4,
          kennysheep_generic_room_10, uniq_duvessa

Skill      XL: |  1  2  3  4  5  6  7 |
---------------+----------------------+-----
Axes           | 3 4 5 |  5.6
Armour         | 4 5 |  5.1
Throwing       | 1 |  1.4
Invocations    | 1 |  1.3
Short Blades   | 1 |  1.1
Shields        | 4 |  4.7
Fighting       | 3 |  3.4
Evocations     | 2 3 4 |  4.1
Dodging        | 1 |  1.2

Action                   |  1- 3 |  4- 6 |  7- 9 || total
-------------------------+-------+-------+-------++-------
Melee: War axe           |   129 |    92 |       ||   221
       Hand axe          |       |    42 |    38 ||    80
Throw: Dart              |       |       |     7 ||     7
Invok: Lesser Healing    |     1 |     4 |       ||     5
       Heal Other        |     1 |     3 |       ||     4
 Abil: Heal Wounds       |       |     2 |     3 ||     5
  Use: Scroll            |       |     2 |     1 ||     3
       Potion            |       |       |     3 ||     3
Armor: Scale mail        |     6 |       |       ||     6
       Chain mail        |    48 |    70 |       ||   118
       Plate armour      |       |     9 |    19 ||    28
Dodge: Dodged            |    64 |    66 |    14 ||   144
Block: Kite shield       |    70 |    64 |    18 ||   152

Table legend: (Time is in decaauts)
 A = Elapsed time spent in this place.
 B = Non-inter-level travel time spent in this place.
 C = Inter-level travel time spent in this place.
 D = Time resting spent in this place.
 E = Time spent auto-exploring this place.
 F = Levels seen in this place.
 G = Mean time per level.
                   A        B        C        D        E       F      G
               +--------+--------+--------+--------+--------+-----+--------+
         Total |   3191 |   3088 |    103 |      0 |   2136 |   5 |  638.2 |
       Dungeon |   3191 |   3088 |    103 |      0 |   2136 |   5 |  638.2 |
               +--------+--------+--------+--------+--------+-----+--------+

Top non-repeatable levels by time:
     D:1: 851 daAuts
     D:3: 767 daAuts
     D:2: 739 daAuts
     D:4: 485 daAuts
     D:5: 347 daAuts
